 Dungeon Crawl Stone Soup version 0.29-a0-341-g24ffce5b50 (webtiles) character file.

Game seed: 16646364264078535256

2840 dracfodder the Cudgeller (level 9, -13/78 HPs)
             Began as a Minotaur Abyssal Knight on Apr 20, 2022.
             Was a High Priest of Lugonu.
             Mangled by Grum
             ... wielding a -1 spear
              (17 damage)
             ... on level 8 of the Dungeon.
             The game lasted 00:24:32 (6314 turns).

dracfodder the Cudgeller (Minotaur Abyssal Knight)  Turns: 6314, Time: 00:24:33

Health: -13/78     AC:  9    Str: 22    XL:     9   Next: 46%
Magic:  9/9        EV: 12    Int:  7    God:    Lugonu [*****.]
Gold:   413        SH:  0    Dex: 19    Spells: 8/8 levels left

rFire   + . .      SeeInvis +   D - +12 great sword "Meomidu" {venom, rPois Dex+6}
rCold   . . .      Faith    .   (shield currently unavailable)
rNeg    . . .      Spirit   .   C - +0 steam dragon scales
rPois   +          Reflect  .   (helmet restricted)
rElec   .          Harm     .   e - +1 cloak
rCorr   .          Rampage  .   E - +0 pair of gloves
Will    .....                   (no boots)
Stlth   ++........              (no amulet)
HPRegen 0.23/turn               h - ring of protection from fire
MPRegen 0.11/turn               q - ring of see invisible

@: studying Maces & Flails
A: horns 2, retaliatory headbutt, talons 1, agile 1, sense surroundings 1
a: Renounce Religion, Depart the Abyss, Bend Space, Banish, Corrupt, Enter the
Abyss


You were on level 8 of the Dungeon.
You worshipped Lugonu.
Lugonu was extremely pleased with you.
You visited 1 branch of the dungeon, and saw 8 of its levels.
You visited the Abyss 1 time.

You collected 413 gold pieces.

Inventory:

Hand Weapons
 a - a +0 war axe
 b - a +9 vorpal fustibalus
 u - a +3 hand axe of freezing
 D - the +12 great sword "Meomidu" (weapon) {venom, rPois Dex+6}
   (You found it on level 6 of the Dungeon)

   It poisons the flesh of those it strikes.
   Dex:       It affects your dexterity (+6).
   rPois:     It protects you from poison.
 I - a +0 falchion of holy wrath
Missiles
 o - a throwing net
Armour
 d - a +1 chain mail
 e - a +1 cloak (worn)
 C - +0 steam dragon scales (worn)
 E - a +0 pair of gloves (worn)
Jewellery
 h - a ring of protection from fire (left hand)
 i - a ring of fire
 q - a ring of see invisible (right hand)
 r - an amulet of guardian spirit
 y - a ring of ice
Wands
 w - a wand of digging (11)
 F - a wand of paralysis (12)
Scrolls
 c - a scroll of fear
 g - 2 scrolls of teleportation
 j - 2 scrolls of magic mapping
 z - 2 scrolls of fog
 B - a scroll of amnesia
 G - 2 scrolls of identify
Potions
 f - 3 potions of curing
 k - a potion of might
 l - a potion of resistance
 m - 2 potions of cancellation {unknown}
 n - 4 potions of flight {unknown}
 p - a potion of invisibility {unknown}
 s - a potion of degeneration {unknown}
 t - 2 potions of lignification {unknown}
 v - a potion of ambrosia {unknown}
 x - 2 potions of heal wounds
 A - 2 potions of haste {unknown}
 H - 2 potions of attraction {unknown}


   Skills:
 + Level 6.7 Fighting
 * Level 5.9 Long Blades
 + Level 6.0(7.7) Axes
 * Level 7.5(8.5) Maces & Flails
 + Level 6.7 Slings
 + Level 4.8 Armour
 + Level 1.4 Dodging
 * Level 5.4 Unarmed Combat
 + Level 1.9 Invocations


You had 8 spell levels left.
You didn't know any spells.
Your spell library contained the following spells:

 Spells                   Type           Power      Damage    Failure   Level
 Shock                    Conj/Air       0%         1d3       43%         1
 Sublimation of Blood     Necr           0%         N/A       56%         2
 Wereblood                Tmut           0%         N/A       56%         2
 Gell's Gravitas          Tloc           0%         N/A       80%         3
 Lesser Beckoning         Tloc           0%         N/A       80%         3
 Swiftness                Air            0%         N/A       80%         3
 Teleport Other           Tloc           0%         N/A       80%         3
 Tukima's Dance           Hex            0%         N/A       80%         3
 Airstrike                Air            0%         N/A       99%         4
 Anguish                  Hex/Necr       0%         N/A       99%         4
 Animate Dead             Necr           0%         N/A       99%         4
 Borgnjor's Vile Clutch   Necr/Erth      0%         N/A       100%        5
 Death Channel            Necr           0%         N/A       100%        6
 Enfeeble                 Hex            0%         N/A       100%        7
 Summon Hydra             Summ           0%         N/A       100%        7


Dungeon Overview and Level Annotations

Branches:
Dungeon (8/15)             Temple (0/1) D:5
   Lair: D:8-11

Altars:
Dithmenos
Kikubaaqudgha

Shops:
D:2 (:[=   D:6 *

Annotations:
D:8 Grum


Innate Abilities, Weirdness & Mutations

You have a pair of horns on your head.
You reflexively headbutt those who attack you in melee.
You have sharp toenails.
You are agile. (Dex +2)
You passively map a small area around you.


Message History

an orc skeleton; a wolf skeleton; a steam dragon skeleton You start resting.
HP restored.
You climb downwards.
Level annotation: Grum
There is a stone staircase leading up, spattered with blood here.
Things that are here:
a +0 scale mail; a +0 hand axe; an orc skeleton A two-headed ogre comes into view.
It is wielding two +0 giant clubs.
The orc shouts!
You closely miss the orc. The orc barely misses you. You furiously retaliate!
You headbutt the orc!
You kill the orc!
Lugonu accepts your kill. Grum hits you but does no damage.
The two-headed ogre hits you with a +0 giant club.
The two-headed ogre closely misses you.
Grum hits you from afar with a -1 spear.
Things that are here:
a +0 dagger; a +0 leather armour You slash the two-headed ogre!
The two-headed ogre looks as sick as possible!
The two-headed ogre is moderately wounded.
Grum barely misses you.
The two-headed ogre hits you with a +0 giant club!
The two-headed ogre misses you.
You closely miss the two-headed ogre.
The two-headed ogre is moderately wounded.
Grum hits you from afar with a -1 spear! x2
The two-headed ogre hits you with a +0 giant club! x2
* * * LOW HITPOINT WARNING * * *
You are too injured to fight recklessly!
Unknown command.
Grum hits you from afar with a -1 spear!
* * * LOW HITPOINT WARNING * * *
A necrophage comes into view.
The necrophage attacks as you move away!
The necrophage closely misses you.
Grum hits you from afar with a -1 spear!
You die...

* * *, ..## , ....##
#.....#, # ####.....
. , ##.###..#...# ..#
* #...........#*..# ,
#....@.n...###..#
#....O......#...#,, ,
##.....g.......# ,
*##.....:o.....# * ,
...............## ,
###.#)..........#*.##
#.#......<...##*..##
##........[.### ...#
,
,..............##..#


You could see a two-headed ogre (very poisoned), Grum, a necrophage and an orc.

Vanquished Creatures
  A wyvern (D:7)
  The ghost of kairosrom117 the Covered, an amateur MiFi (D:3)
  A steam dragon (D:7)
  Menkaure (D:4)
  Duvessa (D:5)
  A water moccasin (D:7)
  3 orc warriors
  An ice beast (D:6)
  A sky beast (D:6)
  A black bear (D:7)
  An ogre (D:5)
  3 wolves (D:7)
  4 bullfrogs
  2 scorpions
  Dowan (D:5)
  A howler monkey (D:5)
  2 jellies
  3 hounds
  4 orc priests
  2 iguanas
  6 orc wizards
  2 scorpion simulacra (D:3)
  Robin (D:4)
  4 gnolls (D:5)
  4 adders
  A shadow imp (D:6)
  2 ufetubi (D:5)
  5 worms
  A dart slug (D:3)
  34 orcs
  6 endoplasms
  2 giant cockroaches
  17 goblins
  10 hobgoblins
  4 kobolds
  A quokka (D:1)
  7 ball pythons
  7 bats
  4 frilled lizards
  A jackal simulacrum (D:3)
  A quokka simulacrum (D:3)
  8 rats
163 creatures vanquished.

Vanquished Creatures (others)
  2 plants (D:2)
2 creatures vanquished.

Grand Total: 165 creatures vanquished

Notes
Turn   | Place    | Note
-------+----------+-------------------------------------------
     0 | Abyss:1  | dracfodder the Minotaur Abyssal Knight began the quest for
                  | the Orb.
     0 | Abyss:1  | Reached XP level 1. HP: 19/19 MP: 1/1
   118 | Abyss:1  | Noticed a starcursed mass
   119 | D:1      | Escaped the Abyss
   180 | D:1      | Reached ** piety under Lugonu
   307 | D:1      | Reached XP level 2. HP: 27/27 MP: 2/2
  1020 | D:2      | Reached XP level 3. HP: 34/34 MP: 3/3
  1058 | D:2      | Found Oxuarghe's Book Boutique.
  1064 | D:2      | Found Gelyunifa's Antique Armour Shop.
  1260 | D:2      | Found a faded altar of an unknown god.
  1326 | D:2      | Found Meh Fenu's Antique Weapon Emporium.
  1509 | D:2      | Identified a scroll of acquirement
  1509 | D:2      | Acquired a +7 vorpal fustibalus
  1578 | D:2      | Acquired a manual of Maces & Flails
  1588 | D:2      | Found Tiqec's Jewellery Boutique.
  1911 | D:3      | Noticed kairosrom117's ghost (amateur MiFi)
  1945 | D:3      | Found a runed translucent gate.
  1945 | D:3      | Found a runed translucent gate.
  1948 | D:3      | Found a runed translucent gate.
  2091 | D:3      | Reached XP level 4. HP: 41/41 MP: 4/4
  2097 | D:3      | Reached *** piety under Lugonu
  2098 | D:3      | Reached skill level 1 in Unarmed Combat
  2122 | D:3      | Gained mutation: You have sharp toenails. [potion of
                  | mutation]
  2122 | D:3      | Gained mutation: You passively map a small area around you.
                  | [potion of mutation]
  2122 | D:3      | Gained mutation: You are agile. (Dex +2) [potion of
                  | mutation]
  2182 | D:3      | Reached skill level 1 in Slings
  2210 | D:3      | Reached skill level 1 in Maces & Flails
  2505 | D:3      | Reached XP level 5. HP: 33/47 MP: 5/5
  2510 | D:3      | Killed kairosrom117's ghost
  2511 | D:3      | Reached skill level 5 in Fighting
  2511 | D:3      | Reached skill level 2 in Maces & Flails
  2511 | D:3      | Reached XP level 6. HP: 56/56 MP: 6/6
  2643 | D:4      | Reached skill level 3 in Maces & Flails
  2877 | D:4      | Noticed Menkaure
  2883 | D:4      | Killed Menkaure
  2888 | D:4      | Reached XP level 7. HP: 31/61 MP: 7/7
  2902 | D:4      | Noticed Robin
  2909 | D:4      | Reached skill level 4 in Maces & Flails
  2917 | D:4      | Killed Robin
  2917 | D:4      | Reached **** piety under Lugonu
  3332 | D:5      | Entered Level 5 of the Dungeon
  3352 | D:5      | Noticed Dowan
  3355 | D:5      | Killed Dowan
  3357 | D:5      | Noticed Duvessa
  3365 | D:5      | Killed Duvessa
  3366 | D:5      | Reached skill level 5 in Axes
  3691 | D:5      | Reached skill level 5 in Maces & Flails
  3858 | D:5      | Reached XP level 8. HP: 69/69 MP: 8/8
  3888 | D:5      | Reached skill level 5 in Slings
  3918 | D:5      | Found a staircase to the Ecumenical Temple.
  4177 | D:6      | Found an ancient bone altar of Kikubaaqudgha.
  4222 | D:6      | Found a shadowy altar of Dithmenos.
  4310 | D:6      | Found Buvyex's Elemental Accessories.
  4321 | D:6      | Reached skill level 6 in Maces & Flails
  4543 | D:6      | Identified the +12 great sword "Meomidu" {venom, rPois
                  | Dex+6}
  4617 | D:6      | Reached skill level 5 in Unarmed Combat
  4893 | D:7      | Reached skill level 1 in Long Blades
  5041 | D:7      | Reached XP level 9. HP: 65/78 MP: 9/9
  5279 | D:7      | Reached skill level 7 in Maces & Flails
  5866 | D:8      | Noticed Grum
  5884 | D:7      | Reached skill level 5 in Long Blades
  5904 | D:8      | Reached ***** piety under Lugonu
  6295 | D:8      | Noticed a two-headed ogre
  6301 | D:8      | HP: 1/78 [Grum/-1 spear (12)]
  6314 | D:8      | Mangled by Grum

Illustrated notes

Levels and vault maps discovered:
D:1:      scummos_arrival_forest, layout_basic, chequers_avenue
D:2:      cheibrodos_old_hovel, layout_basic,
          hellmonk_ecumenical_altar_lost_god, serial_shops, shop,
          nicolae_shop_overgrown_old_shop, nicolae_shop_window_shopping,
          nicolae_shop_competitors_out_of_business, chequers_garden,
          grunt_decor_one_mirror, kennysheep_generic_room_2
D:3:      layout_rooms, gammafunk_ghost_icy
D:4:      layout_loops_ring, uniq_menkaure, uniq_robin
D:5:      layout_gridville, minmay_temple_entry_sparse_star, uniq_duvessa
D:6:      layout_cave_pools, grunt_dithmenos_smoke,
          mainiacjoe_overflow_boulevard, nicolae_concentric_dashed_squares_wild,
          st_stairs_8, nicolae_elemental_shop, minmay_stone_trees_small
D:7:      layout_loops_ring
D:8:      layout_cave_pools, mainiacjoe_overflow_24_doors, cheibriados_altar_1,
          kennysheep_cross_room, introduction_to_nature_2, uniq_grum,
          uniq_joseph

Skill      XL: |  1  2  3  4  5  6  7  8  9 |
---------------+----------------------------+-----
Fighting       | 4 5 6 |  6.7
Axes           | 3 4 5 6 |  6.0
Unarmed Combat | 1 2 4 5 |  5.4
Slings         | 1 2 4 6 |  6.7
Maces & Flails | 1 2 3 5 6 7 |  7.5
Armour         | 3 4 |  4.8
Long Blades    | 2 5 |  5.9
Dodging        | |  1.4
Invocations    | |  1.9

Action                   |  1- 3 |  4- 6 |  7- 9 || total
-------------------------+-------+-------+-------++-------
Melee: Hand axe          |    81 |    18 |     7 ||   106
       Headbutt          |    15 |     1 |    13 ||    29
       Punch             |     2 |       |       ||     2
       Kick              |       |     2 |    15 ||    17
       Great sword       |       |       |    61 ||    61
       War axe           |       |       |     6 ||     6
 Fire: Fustibalus        |    24 |    65 |    92 ||   181
Invok: Depart the Abyss  |     1 |       |       ||     1
  Use: Scroll            |    15 |     1 |     4 ||    20
       Potion            |       |     3 |     1 ||     4
Armor: Leather armour    |     7 |       |       ||     7
       Chain mail        |    23 |    41 |    84 ||   148
       Steam dragon scal |       |       |    10 ||    10
Dodge: Dodged            |    41 |    11 |    75 ||   127

Table legend: (Time is in decaauts)
 A = Elapsed time spent in this place.
 B = Non-inter-level travel time spent in this place.
 C = Inter-level travel time spent in this place.
 D = Time resting spent in this place.
 E = Time spent auto-exploring this place.
 F = Levels seen in this place.
 G = Mean time per level.
                   A        B        C        D        E       F      G
               +--------+--------+--------+--------+--------+-----+--------+
         Total |   6498 |   6380 |    118 |   1034 |   4151 |   9 |  722.0 |
       Dungeon |   6379 |   6261 |    118 |   1034 |   4035 |   8 |  797.4 |
         Abyss |    119 |    119 |      0 |      0 |    116 |   1 |  119.0 |
               +--------+--------+--------+--------+--------+-----+--------+

Top non-repeatable levels by time:
     D:7: 1423 daAuts
     D:1: 886 daAuts
     D:2: 882 daAuts
     D:5: 869 daAuts
     D:4: 796 daAuts
     D:3: 750 daAuts
     D:6: 725 daAuts
 Abyss:1: 119 daAuts
     D:8: 43 daAuts
